 Dungeon Crawl Stone Soup version 0.23.0-41-g86b089e62c (webtiles) character file.

Game seed: 0

9202 duckybubbers the Grappler (level 11, -18/101 HPs)
             Began as a Troll Berserker on Feb 28, 2019.
             Was an Elder of Trog.
             Killed from afar by a necromancer (47 damage)
             ... with a bolt of fire
             ... in a Gauntlet.
             The game lasted 00:41:51 (7277 turns).

duckybubbers the Grappler (Troll Berserker)         Turns: 7277, Time: 00:41:55

Health: -18/101    AC:  7    Str: 30    XL:     11   Next: 19%
Magic:  0/10       EV: 15    Int: 17    God:    Trog [****..]
Gold:   532        SH:  0    Dex:  9    Spells: 10/10 levels left

rFire    x . .     SeeInvis .     - Unarmed
rCold    + . .     Gourm    +   (no shield)
rNeg     . . .     Faith    .   a - +0 animal skin
rPois    .         Spirit   +   c - +0 hat
rElec    .         Reflect  .   p - +0 cloak
rCorr    .         Harm     .   (gloves unavailable)
MR       ++...     NoTele   +   (boots unavailable)
Stlth    +++.......             N - amulet of guardian spirit
HPRegen  1.66/turn              q - +3 ring of intelligence
MPRegen  0.12/turn              H - ring "Erram" {Ice Int+4}

@: brilliant, berserk cooldown, regenerating, slowed, very slow
A: large, unfitting armour, claws 3, repulsion field 1, camouflage 1, clever 1,
fast metabolism 3, gourmand, regeneration 1, shaggy fur 1, tough skin 3
a: Berserk, Trog's Hand, Brothers in Arms, Renounce Religion


You were in a Gauntlet.
You worshipped Trog.
Trog was greatly pleased with you.
You were full.

You visited 2 branches of the dungeon, and saw 11 of its levels.
You also visited: Ossuary and Gauntlet.

You collected 629 gold pieces.
You spent 97 gold pieces at shops.

Inventory:

Hand Weapons
 o - a +4 quarterstaff of chaos
 I - a +7 antimagic glaive
Armour
 a - a +0 animal skin (worn)
 c - a +0 hat (worn)
 p - a +0 cloak (worn)
Jewellery
 q - a +3 ring of intelligence (left claw)
 r - an uncursed ring of resist corrosion
 C - a -3 ring of dexterity
 F - an uncursed ring of resist corrosion
 H - the ring "Erram" (right claw) {Ice Int+4}
   (You found it on level 9 of the Dungeon)

   [ring of ice]

   It enhances your ice magic.
   It affects your intelligence (+4).
   It makes you vulnerable to fire.
   It protects you from cold.
 J - an uncursed ring of see invisible
 L - a +3 ring of protection
 N - an amulet of guardian spirit (around neck)
Wands
 f - a wand of clouds (7)
 w - a wand of disintegration (2)
 y - a wand of polymorph (22)
Scrolls
 b - 8 scrolls of enchant armour
 e - 10 scrolls of teleportation
 g - 7 scrolls of immolation
 h - 2 scrolls of fear
 j - 4 scrolls of magic mapping
 k - a scroll of enchant weapon
 m - 5 scrolls of remove curse
 n - 3 scrolls of blinking
 t - a scroll of fog
 x - 2 scrolls of amnesia
 z - 2 scrolls of vulnerability
Potions
 d - a potion of heal wounds
 i - 2 potions of lignification
 l - 2 potions of invisibility {unknown}
 s - 5 potions of agility
 v - 3 potions of haste
 B - 3 potions of degeneration
 D - 2 potions of curing
Comestibles
 u - 3 rations
 K - 6 chunks of flesh


   Skills:
 + Level 4.8 Fighting
 + Level 3.7 Polearms
 + Level 7.4 Dodging
 + Level 2.4 Stealth
 + Level 13.1 Unarmed Combat


You had 10 spell levels left.
You didn't know any spells.
Your spell library was empty.

Dungeon Overview and Level Annotations

Branches:
Dungeon (10/15)            Temple (0/1) D:5            Lair (1/6) D:10
    Orc: D:9-12

Altars:
Fedhas
Sif Muna
Trog

Shops:
D:5 **((   D:10 *(

Annotations:
Gauntlet 4 transporters, 10 runed translucent doors


Innate Abilities, Weirdness & Mutations

You are too large for most types of armour.
You have claws for hands.
Your metabolism is lightning-fast.
You like to eat raw meat.
Your natural rate of healing is unusually fast.
You are covered in fur. (AC +1)
You have extremely tough skin. (AC +3)
You are surrounded by a mild repulsion field. (EV +2)
Your skin changes colour to match your surroundings (Stealth+).
Your mind is acute. (Int +2)


Message History

The necromancer is lightly wounded.
Your ogre hits the death yak simulacrum with a +0 giant club!
The necromancer hits you but does no damage.
The death yak misses you.
Your ogre goes berserk!
You feel somewhat less full.
Your ogre hits the death yak simulacrum with a +0 giant club!
The death yak simulacrum vapourises!
The necromancer hits you with a +0 dagger.
The death yak misses you.
The necromancer mumbles some strange words.
The necromancer binds the souls of nearby monsters.
You fail to use your ability.
Your ogre hits the death yak with a +0 giant club!
The death yak snorts and paws the ground.
The death yak gores you!
* * * LOW HITPOINT WARNING * * *
The necromancer points at you and mumbles some strange words.
The bolt of fire hits you!!! The fire burns you terribly!
You die...

....©......≈.............≈
.∩........≈8§...........§8
....©......≈.............≈
##########...###########.§
.........#...#......#..#...#
.........#...#.....#...#...#
.#######.#...##§.Y^#.^.#...#
#.#.#.#.##.###^##p#....###.#
....©....#.#©#..@###^.©#©# #
.#.#.#.#.#.#.#.O.Y#.##[#.#.#
.#######.#.#.#.°O#^...##.#.#
.........#.#.#...#..^..#.#.#
....©....#.#.#..#.....$#.#.#
############.###########.###
...#©........#.........#....
...#########.###########.###
#..........#.#..+..+...#.#..


You could see 2 death yaks, a necromancer and 2 friendly ogres.

Vanquished Creatures
  A two-headed ogre (D:8)
  A death yak (Gauntlet)
  An unseen horror (D:10)
  A faun (D:8)
  Maurice (D:9)
  2 spiny frogs (Lair:1)
  A rime drake (Lair:1)
  2 trolls
  Prince Ribbit (D:8)
  A hippogriff (Lair:1)
  A wyvern (D:8)
  A ynoxinul (Gauntlet)
  Grum (D:8)
  A hungry ghost (D:8)
  A porcupine (Lair:1)
  An ice beast (D:8)
  2 orc warriors
  A black bear (D:9)
  A hornet zombie (D:9)
  4 wolves (D:8)
  2 phantoms
  2 ogres
  4 centaurs
  2 crocodiles (D:10)
  A big kobold (D:8)
  8 bullfrogs
  A wyvern zombie (D:9)
  2 scorpions
  A wight (D:10)
  2 howler monkeys (D:7)
  4 crimson imps
  3 bullfrog zombies
  A quasit (D:5)
  2 centaur zombies
  2 hounds (D:10)
  4 iron imps (Gauntlet)
  An orc priest (D:3)
  Crazy Yiuf (D:3)
  15 mummies
  4 iguanas
  9 orc wizards
  2 worker ants
  2 hound zombies
  3 worker ant zombies
  3 howler monkey zombies (Ossuary)
  5 gnolls
  4 adders
  2 oozes
  2 adder zombies (Ossuary)
  2 worms
  5 dart slugs
  2 leopard geckos
  22 orcs
  4 giant cockroaches
  6 hobgoblins
  7 jackals
  4 quokkas
  6 bats
  3 frilled lizards
  9 goblins
  A goblin zombie (D:4)
  3 hobgoblin zombies (D:7)
  2 jackal zombies (Ossuary)
  13 kobolds
  A kobold zombie (D:7)
  A leopard gecko skeleton (D:4)
  3 leopard gecko zombies (Ossuary)
  A quokka zombie (Ossuary)
  8 rats
  A rat zombie (D:4)
  A fungus (D:3)
225 creatures vanquished.

Vanquished Creatures (collateral kills)
  A death yak (Gauntlet)
1 creature vanquished.

Vanquished Creatures (others)
  A withered plant (Ossuary)
1 creature vanquished.

Grand Total: 227 creatures vanquished

Notes
Turn   | Place    | Note
-------+----------+-------------------------------------------
     0 | D:1      | duckybubbers the Troll Berserker began the quest for the
                  | Orb.
     0 | D:1      | Reached XP level 1. HP: 22/22 MP: 0/0
   176 | D:1      | Reached XP level 2. HP: 29/29 MP: 1/1
   335 | D:1      | Reached XP level 3. HP: 36/36 MP: 2/2
   874 | D:2      | Reached ** piety under Trog
  1155 | D:2      | Reached XP level 4. HP: 44/44 MP: 3/3
  1370 | D:2      | Reached skill level 4 in Unarmed Combat
  1576 | D:3      | Reached XP level 5. HP: 42/53 MP: 4/4
  1804 | D:3      | Reached *** piety under Trog
  2332 | D:3      | Found a runed translucent door.
  2333 | D:3      | Noticed Crazy Yiuf
  2340 | D:3      | Killed Crazy Yiuf
  2340 | D:3      | Reached skill level 5 in Unarmed Combat
  2468 | D:4      | Found a sand-covered staircase.
  2475 | Ossuary  | Entered an ossuary
  2486 | Ossuary  | Reached XP level 6. HP: 48/61 MP: 5/5
  2601 | Ossuary  | Reached skill level 6 in Unarmed Combat
  2601 | Ossuary  | Reached XP level 7. HP: 48/67 MP: 6/6
  2951 | D:4      | Reached **** piety under Trog
  2968 | D:4      | Reached skill level 7 in Unarmed Combat
  3250 | D:5      | Entered Level 5 of the Dungeon
  3250 | D:5      | Found Amiudwam's General Store.
  3265 | D:5      | Bought a scroll of enchant armour for 97 gold pieces
  3268 | D:5      | Found Juarug's Antique Weapon Shoppe.
  3344 | D:5      | Identified a scroll of acquirement
  3498 | D:5      | Found Muzxutei's Antique Weapon Shop.
  3533 | D:5      | Found Yliog's Assorted Antiques.
  3693 | D:5      | Found a staircase to the Ecumenical Temple.
  3904 | D:6      | Reached XP level 8. HP: 78/78 MP: 7/7
  3943 | D:6      | Found a deep blue altar of Sif Muna.
  3947 | D:6      | Reached skill level 8 in Unarmed Combat
  4180 | D:6      | Reached skill level 1 in Stealth
  4353 | D:6      | Reached skill level 5 in Dodging
  4739 | D:7      | Reached skill level 9 in Unarmed Combat
  5445 | D:8      | Reached XP level 9. HP: 77/84 MP: 8/8
  5510 | D:8      | Noticed Prince Ribbit
  5513 | D:8      | Killed Prince Ribbit
  5513 | D:8      | Reached skill level 10 in Unarmed Combat
  5705 | D:8      | Noticed a two-headed ogre
  5713 | D:8      | Killed a two-headed ogre
  5713 | D:8      | Reached skill level 11 in Unarmed Combat
  5824 | D:8      | Noticed a two-headed ogre
  5826 | D:8      | Noticed a faun
  5826 | D:8      | a two-headed ogre changed into a faun
  5835 | D:8      | Killed a faun
  5849 | D:8      | Found a bloodstained altar of Trog.
  5910 | D:8      | Noticed Grum
  5918 | D:8      | Killed Grum
  5918 | D:8      | Reached XP level 10. HP: 90/92 MP: 9/9
  5938 | D:8      | Reached ***** piety under Trog
  6215 | D:9      | Reached skill level 12 in Unarmed Combat
  6262 | D:9      | Got a crude wooden ring
  6277 | D:9      | Identified the ring "Erram" {Ice Int+4} (You found it on
                  | level 9 of the Dungeon)
  6315 | D:9      | Received a gift from Trog
  6567 | D:9      | Noticed Maurice
  6587 | D:9      | Killed Maurice
  6587 | D:9      | Reached skill level 1 in Polearms
  6755 | D:9      | Found a blossoming altar of Fedhas.
  6839 | D:10     | Entered Level 10 of the Dungeon
  6839 | D:10     | Found Aliekhemu's General Store.
  6847 | D:10     | Found Ypie's Weapon Shop.
  6888 | D:10     | Killed an unseen horror
  6975 | D:10     | Found a staircase to the Lair.
  6987 | Lair:1   | Entered Level 1 of the Lair of Beasts
  7013 | Lair:1   | Noticed a spiny frog
  7014 | Lair:1   | Noticed a spiny frog
  7025 | Lair:1   | Killed a spiny frog
  7031 | Lair:1   | Killed a spiny frog
  7053 | Lair:1   | Noticed a spiny frog
  7131 | Lair:1   | Reached XP level 11. HP: 91/101 MP: 10/10
  7189 | Lair:1   | Found a gate leading to a gauntlet.
  7195 | Gauntlet | Entered a Gauntlet
  7195 | Gauntlet | Found a transporter.
  7195 | Gauntlet | Found a transporter.
  7199 | Gauntlet | Found a transporter.
  7199 | Gauntlet | Found a transporter.
  7201 | Gauntlet | Found a transporter.
  7231 | Gauntlet | Gained mutation: You have large cloven feet. [potion of
                  | mutation]
  7231 | Gauntlet | Gained mutation: You are surrounded by a mild repulsion
                  | field. (EV +2) [potion of mutation]
  7231 | Gauntlet | Gained mutation: You evolve. [potion of mutation]
  7231 | Gauntlet | Gained mutation: You are agile. (Dex +2) [potion of
                  | mutation]
  7232 | Gauntlet | Lost mutation: You are agile. (Dex +2) [potion of mutation]
  7232 | Gauntlet | Lost mutation: You evolve. [potion of mutation]
  7232 | Gauntlet | Lost mutation: You have large cloven feet. [potion of
                  | mutation]
  7232 | Gauntlet | Gained mutation: Your mind is acute. (Int +2) [potion of
                  | mutation]
  7232 | Gauntlet | Gained mutation: Your skin changes colour to match your
                  | surroundings (Stealth+). [potion of mutation]
  7237 | Gauntlet | Found a transporter.
  7240 | Gauntlet | Found a large runed translucent door.
  7241 | Gauntlet | Found a large runed translucent door.
  7242 | Gauntlet | Found a large runed translucent door.
  7242 | Gauntlet | Found a large runed translucent door.
  7242 | Gauntlet | Found a runed translucent door.
  7242 | Gauntlet | Found a runed translucent door.
  7243 | Gauntlet | Found a large runed translucent door.
  7244 | Gauntlet | Found a large runed translucent door.
  7245 | Gauntlet | Found a large runed translucent door.
  7245 | Gauntlet | Found a large runed translucent door.
  7250 | Gauntlet | Noticed a death yak
  7252 | Gauntlet | Noticed a death yak
  7252 | Gauntlet | Noticed a death yak
  7252 | Gauntlet | Noticed a necromancer
  7252 | Gauntlet | Noticed a death yak
  7252 | Gauntlet | Found a transporter.
  7263 | Gauntlet | Killed a death yak
  7263 | Gauntlet | Reached skill level 13 in Unarmed Combat
  7266 | Gauntlet | Noticed a death scarab
  7274 | Gauntlet | Killed a death yak
  7277 | Gauntlet | Killed from afar by a necromancer

Skill      XL: |  1  2  3  4  5  6  7  8  9 10 11 |
---------------+----------------------------------+-----
Dodging        | 3 4 5 6 7 |  7.4
Unarmed Combat | 4 5 6 7 9 11 12 13 | 13.1
Fighting       | 3 4 |  4.8
Stealth        | 1 2 |  2.4
Polearms       | 3 |  3.7

Action                   |  1- 3 |  4- 6 |  7- 9 | 10-12 || total
-------------------------+-------+-------+-------+-------++-------
Melee: Unarmed           |    87 |   176 |   228 |   140 ||   631
       Punch             |     1 |     1 |    13 |     8 ||    23
       Glaive            |       |       |       |    54 ||    54
Invok: Berserk           |       |     3 |     6 |     8 ||    17
       Brothers in Arms  |       |       |       |     3 ||     3
       Trog's Hand       |       |       |       |     1 ||     1
Evoke: Wand              |       |       |     1 |       ||     1
  Use: Scroll            |       |       |    22 |     3 ||    25
       Potion            |       |       |       |     7 ||     7
 Stab: Distracted        |       |       |     2 |       ||     2
       Sleeping          |       |       |       |     2 ||     2
  Eat: Chunk             |     2 |     5 |    28 |    20 ||    55
       Ration            |     2 |     3 |     5 |       ||    10
Armor: Animal skin       |    41 |    59 |    58 |    77 ||   235
Dodge: Dodged            |    67 |    81 |    98 |   130 ||   376
